 Dungeon Crawl Stone Soup version 0.29.1-12-g30fa7ad0bf (webtiles) character file.

Game seed: 14090672004621525221

65 Radix the Digger (level 4, -1/24 HPs)
             Began as a Gargoyle Earth Elementalist on Dec 19, 2022.
             Slain by a gnoll
             ... wielding a +0 flail
              (12 damage)
             ... on level 2 of the Dungeon.
             The game lasted 00:10:13 (1551 turns).

Radix the Digger (Gargoyle Earth Elementalist)      Turns: 1551, Time: 00:10:13

Health: -1/24      AC:  7    Str: 12    XL:     4   Next: 13%
Magic:  8/8        EV: 11    Int: 23    God:
Gold:   115        SH:  0    Dex: 10    Spells: 8/9 levels left

rFire   . . .      SeeInvis .   k - +2 short sword (flame)
rCold   . . .      Faith    .   (no shield)
rNeg    + . .      Spirit   .   a - +0 robe
rPois   ∞          Reflect  .   c - +0 helmet
rElec   +          Harm     .   (no cloak)
rCorr   .          Rampage  .   d - +0 pair of gloves
Will    .....                   (no boots)
Stlth   ++........              n - amulet of magic regeneration
HPRegen 0.08/turn               h - +6 ring of intelligence
MPRegen 0.51/turn               (no ring)

@: slowed, very slow
A: sickness immunity, AC +3, negative energy resistance 1, electricity
resistance, torment resistance 1, petrification resistance
a: no special abilities


You were on level 2 of the Dungeon.
You visited 1 branch of the dungeon, and saw 2 of its levels.

You collected 115 gold pieces.

Inventory:

Hand Weapons
 j - a +1 dagger of speed
 k - a +2 short sword of flaming (weapon)
Armour
 a - a +0 robe (worn)
 c - a +0 helmet (worn)
 d - a +0 pair of gloves (worn)
Jewellery
 h - a +6 ring of intelligence (left hand)
 n - an amulet of magic regeneration (around neck)
 p - a ring of protection from fire
Scrolls
 i - a scroll of identify {unknown}
 l - a scroll of teleportation {unknown}
Potions
 b - a potion of magic
 e - a potion of attraction {unknown}
 f - a potion of curing {unknown}
 g - a potion of flight {unknown}
 m - 2 potions of invisibility {unknown}
 o - a potion of degeneration {unknown}


   Skills:
 - Level 1.5 Dodging
 - Level 2.2 Stealth
 + Level 3.1 Spellcasting
 - Level 0.7 Transmutations
 + Level 4.8 Earth Magic


You had 8 spell levels left.
You knew the following spells:

 Your Spells              Type           Power      Damage    Failure   Level
a - Sandblast             Erth           50%        2d12      1%          1

Your spell library contained the following spells:

 Spells                   Type           Power      Damage    Failure   Level
 Passwall                 Tmut/Erth      13%        N/A       5%          2
 Stone Arrow              Conj/Erth      28%        3d8       13%         3
 Petrify                  Tmut/Erth      16%        N/A       34%         4
 Chain Lightning          Conj/Air       1%         3d2       100%        9
 Fire Storm               Conj/Fire      1%         8d1       100%        9
 Shatter                  Erth           12%        3d13*     100%        9


Dungeon Overview and Level Annotations

Branches:
Dungeon (2/15)

Altars:

Annotations:
D:2 Jessica


Innate Abilities, Weirdness & Mutations

You are immune to sickness and miasma.
Your stone body is resilient. (AC +3)
You are immune to poison.
You resist negative energy. (rN+)
You are resistant to electric shocks. (rElec)
You are resistant to unholy torment.
You are immune to petrification.


Message History

A quokka comes into view.
Aiming: Sandblast (safe; 1% risk of failure)
Press: ? - help, Q - select action Shift-Dir - straight line, f - goblin
Aim: a goblin, wielding a +0 dagger (79% to hit)
The blast of sand hits the goblin!
You kill the goblin!
Jessica shouts!
A gnoll comes into view. It is wielding a +0 flail.
Aiming: Sandblast (safe; 1% risk of failure)
Press: ? - help, Q - select action Shift-Dir - straight line, f - giant cockroach
Aim: a giant cockroach (83% to hit)
The blast of sand hits the giant cockroach!
You kill the giant cockroach!
The gnoll shouts!
Jessica gestures at you while chanting.
You feel yourself slow down.
A gnoll comes into view. It is wielding a +0 flail.
Aiming: Sandblast (safe; 1% risk of failure)
Press: ? - help, Q - select action Shift-Dir - straight line, f - quokka
Aim: a quokka (76% to hit)
The blast of sand hits the quokka!!
You kill the quokka!
Jessica very coldly says, "I hate your company."
Jessica drinks a potion.
Jessica seems to grow stronger.
The gnoll hits you but does no damage.
You see here a ring of protection from fire.
p - a ring of protection from fire Jessica casts a spell at you.
Pain shoots through your body! The gnoll hits you with a +0 club.
The gnoll attacks as you move away! The gnoll barely misses you.
The gnoll attacks as you move away! The gnoll closely misses you.
Jessica shouts, "You are a ghastly nuisance!"
Jessica gestures wildly while chanting.
Jessica blinks!
Jessica grins evilly.
The gnoll hits you with a +0 flail. The gnoll barely misses you.
The gnoll closely misses you. The gnoll attacks as you move away!
The gnoll hits you with a +0 flail!
Ouch! That really hurt!
You die...

.....###..[#####
.....##........#
...............#
...............#
...............#
.###..#.<.......## .... .#
#.............# #...... ##
#.[..#.##.###.# #.......
#...###... # #@# #.......
##....# ##..# #g####.......
......# #.###gg..#......
....... #.##...#@....####
....)....
##...........)...#
.........##.......##...#...
.............##...##..##
...................#.## .
.....................###..


You could see 3 gnolls.

Vanquished Creatures
  2 adders (D:2)
  7 bats
  4 endoplasms
  3 giant cockroaches (D:2)
  5 goblins
  3 hobgoblins
  3 kobolds (D:1)
  6 quokkas
  A ball python (D:1)
  2 frilled lizards
  5 rats
41 creatures vanquished.

Vanquished Creatures (others)
  A plant (D:2)
1 creature vanquished.

Grand Total: 42 creatures vanquished

Notes
Turn   | Place    | Note
-------+----------+-------------------------------------------
     0 | D:1      | Radix the Gargoyle Earth Elementalist began the quest for
                  | the Orb.
     0 | D:1      | Reached XP level 1. HP: 10/10 MP: 3/3
   238 | D:1      | Reached XP level 2. HP: 15/15 MP: 1/5
   306 | D:1      | Reached skill level 4 in Earth Magic
   629 | D:1      | Reached XP level 3. HP: 19/19 MP: 4/6
  1405 | D:2      | Reached XP level 4. HP: 24/24 MP: 2/8
  1540 | D:2      | Noticed Jessica
  1551 | D:2      | Slain by a gnoll

Illustrated notes

Levels and vault maps discovered:
D:1:      dpeg_arrival_triangle_fractal, layout_basic, minmay_misc_feat_tiny,
          minmay_misc_feat_five, skrybe_limestone_x,
          minmay_misc_feat_more_columns
D:2:      layout_rooms, ebering_ecumenical_altar_webs, serial_bayou_lake_a,
          uniq_jessica

Skill      XL: |  1  2  3 |
---------------+----------+-----
Earth Magic    | 4 |  4.8
Spellcasting   | 3 |  3.1
Dodging        | |  1.5
Stealth        | |  2.2
Transmutations | |  0.7

Action                   |  1- 3 |  4- 6 || total
-------------------------+-------+-------++-------
Melee: Short sword       |     1 |       ||     1
       Dagger            |     7 |       ||     7
       Punch             |     1 |       ||     1
 Cast: Sandblast         |    47 |     8 ||    55
Armor: Robe              |     4 |     2 ||     6
Dodge: Dodged            |    12 |     5 ||    17
